 Dungeon Crawl Stone Soup version 0.29-a0-241-g20d21d4356 (webtiles) character file.

Game seed: 14285837851724336866

1926 Ordine the Carver (level 9, -6/55 HPs)
             Began as a Tengu Warper on Mar 4, 2022.
             Was a Believer of Okawaru.
             Mangled by an orc warrior
             ... wielding a +0 scimitar
              (16 damage)
             ... on level 6 of the Dungeon.
             The game lasted 00:12:46 (8257 turns).

Ordine the Carver (Tengu Warper)                    Turns: 8257, Time: 00:12:47

Health: -6/55      AC:  9    Str: 12    XL:     9   Next: 17%
Magic:  12/13      EV: 14    Int: 14    God:    Okawaru [**....]
Gold:   345        SH:  0    Dex: 17    Spells: 12/12 levels left

rFire   . . .      SeeInvis .   a - +1 falchion
rCold   . . .      Faith    .   (no shield)
rNeg    . . .      Spirit   .   b - +0 leather armour
rPois   .          Reflect  .   (helmet restricted)
rElec   .          Harm     .   e - +2 cloak
rCorr   .          Rampage  .   o - +2 pair of gloves
Will    .....                   (boots unavailable)
Stlth   +.........              (no amulet)
HPRegen 0.18/turn               (no ring)
MPRegen 0.13/turn               (no ring)

@: flying quickly and evasively, quick
A: beak, talons 3, nimble flight
a: Renounce Religion, Heroism


You were on level 6 of the Dungeon.
You worshipped Okawaru.
Okawaru was pleased with you.
You visited 2 branches of the dungeon, and saw 7 of its levels.

You collected 345 gold pieces.

Inventory:

Hand Weapons
 a - a +1 falchion (weapon)
Missiles
 d - 5 boomerangs of dispersal
 i - 9 boomerangs (quivered)
 u - 5 poisoned darts
Armour
 b - a +0 leather armour (worn)
 e - a +2 cloak (worn)
 o - a +2 pair of gloves (worn)
 r - an orb of guile
Jewellery
 l - an amulet of faith
 p - an amulet of magic regeneration
Wands
 t - a wand of flame (9)
 v - a wand of iceblast (3)
Scrolls
 c - 4 scrolls of blinking
 g - 2 scrolls of amnesia {unknown}
 h - a scroll of summoning {unknown}
 j - 3 scrolls of identify {unknown}
 k - a scroll of fog {unknown}
 m - a scroll of fear {unknown}
 n - 5 scrolls of teleportation
 q - a scroll of vulnerability {unknown}
Potions
 f - 3 potions of magic


   Skills:
 + Level 6.0 Fighting
 * Level 9.3 Long Blades
 + Level 5.8 Throwing
 - Level 1.1 Armour
 - Level 2.1 Dodging
 - Level 2.0 Spellcasting
 - Level 2.4 Translocations


You had 12 spell levels left.
You didn't know any spells.
Your spell library contained the following spells:

 Spells                   Type           Power      Damage    Failure   Level
 Blink                    Tloc           16%        N/A       17%         2
 Slow                     Hex            4%         N/A       30%         1
 Sting                    Tmut/Pois      4%         1d3       30%         1
 Gell's Gravitas          Tloc           8%         N/A       34%         3
 Lesser Beckoning         Tloc           8%         N/A       34%         3
 Teleport Other           Tloc           8%         N/A       34%         3
 Poisonous Vapours        Pois/Air       2%         N/A       41%         2
 Confusing Touch          Hex            1%         N/A       65%         3
 Dazzling Flash           Conj/Hex       2%         N/A       65%         3
 Vampiric Draining        Necr           1%         2d6       65%         3
 Iskenderun's Mystic Bla  Conj/Tloc      4%         2d3       88%         4
 Olgreb's Toxic Radiance  Pois           1%         N/A       96%         4
 Manifold Assault         Tloc           8%         N/A       97%         5
 Agony                    Necr           1%         N/A       100%        5
 Silence                  Hex/Air        0%         N/A       100%        5
 Starburst                Conj/Fire      0%         6d3       100%        6


Dungeon Overview and Level Annotations

Branches:
Dungeon (6/15)             Temple (1/1) D:4

Altars:
Dithmenos
Elyvilon
Fedhas
Hepliaklqana
Okawaru
Qazlal
Ru
Sif Muna
Trog
Vehumet
Xom


Innate Abilities, Weirdness & Mutations

You have a beak for a mouth.
You have claws for feet.
Your magical nature lets you fly swiftly and evasively.


Message History

You are too injured to fight recklessly!
You are too injured to fight recklessly!
You are too injured to fight recklessly!
You are too injured to fight recklessly!
You feel better. The orc warrior misses you.
You gain the combat prowess of a mighty hero.
The orc warrior closely misses you.
You closely miss the orc warrior. You claw the orc warrior.
The orc warrior is heavily wounded.
You barely miss the orc warrior.
The orc warrior is heavily wounded.
The orc warrior hits you with a +0 scimitar!
* * * LOW HITPOINT WARNING * * *
You hit the orc warrior but do no damage.
Your peck misses the orc warrior.
The orc warrior is heavily wounded.
The orc warrior completely misses you.
You hit the orc warrior but do no damage.
The orc warrior is heavily wounded.
You hit the orc warrior.
You claw the orc warrior, but do no damage.
You peck the orc warrior, but do no damage.
The orc warrior is severely wounded.
The orc warrior hits you with a +0 scimitar!
* * * LOW HITPOINT WARNING * * *
Found 19 gold pieces.
You see here a +0 giant club.
Found a stone staircase leading down.
Found a trident.
You feel like a meek peon again.
You feel better.
You hit the orc warrior.
You peck the orc warrior, but do no damage.
The orc warrior is severely wounded.
The orc warrior closely misses you.
You hit the orc warrior.
You claw the orc warrior, but do no damage.
The orc warrior is severely wounded.
The orc warrior hits you with a +0 scimitar!
You die...

........[..$.........
#.....<)รท...........
#.....).............
#..#.................
..##.#.........######
#..............#
#...............#
#......o........#
.......@...#####.
.......$...#...
...........# >.
#..........#
#...)....#.#
...........#
##.......#.#
#########


You could see an orc warrior.

Vanquished Creatures
  Sigmund (D:2)
  2 water moccasins (D:5)
  An orc warrior (D:4)
  A sky beast (D:4)
  An ogre (D:6)
  5 phantoms (D:5)
  2 bullfrogs (D:6)
  A necrophage (D:4)
  Blork the orc (D:4)
  A scorpion (D:5)
  A jelly (D:4)
  An orc priest (D:3)
  2 hounds
  A gnoll shaman (D:5)
  2 iguanas
  3 orc wizards
  9 gnolls
  16 adders
  2 worms
  17 orcs
  8 ball pythons
  5 endoplasms
  2 giant cockroaches
  7 goblins
  5 hobgoblins
  2 jackals (D:3)
  A kobold (D:4)
  3 quokkas
  2 bats
  5 frilled lizards
  3 rats
113 creatures vanquished.

Notes
Turn   | Place    | Note
-------+----------+-------------------------------------------
     0 | D:1      | Ordine the Tengu Warper began the quest for the Orb.
     0 | D:1      | Reached XP level 1. HP: 12/12 MP: 4/4
   362 | D:1      | Reached XP level 2. HP: 17/17 MP: 6/6
  1210 | D:2      | Reached skill level 3 in Long Blades
  1210 | D:2      | Reached XP level 3. HP: 22/22 MP: 7/7
  1222 | D:2      | Noticed Sigmund
  1381 | D:2      | Killed Sigmund
  1382 | D:2      | Reached skill level 4 in Long Blades
  1382 | D:2      | Reached XP level 4. HP: 5/28 MP: 8/8
  1382 | D:2      | Gained mutation: Your magical nature lets you fly swiftly
                  | and evasively. [Tengu growth]
  1382 | D:2      | Reached XP level 5. HP: 6/32 MP: 9/9
  2309 | D:3      | Reached skill level 5 in Long Blades
  2309 | D:3      | Reached XP level 6. HP: 32/37 MP: 10/10
  2792 | D:3      | Found a faded altar of an unknown god.
  3943 | D:4      | Noticed a sky beast
  3944 | D:4      | Found a shimmering altar of Xom.
  3968 | D:4      | Killed a sky beast
  3969 | D:4      | Reached skill level 6 in Long Blades
  3969 | D:4      | Reached XP level 7. HP: 34/43 MP: 11/11
  4278 | D:4      | Found an iron altar of Okawaru.
  4301 | D:4      | Became a worshipper of Warmaster Okawaru
  4683 | D:4      | Found a staircase to the Ecumenical Temple.
  4708 | Temple   | Entered the Ecumenical Temple
  5234 | D:4      | Noticed Blork the orc
  5243 | D:4      | Killed Blork the orc
  5526 | D:5      | Entered Level 5 of the Dungeon
  5554 | D:4      | Reached skill level 7 in Long Blades
  5728 | D:5      | Reached XP level 8. HP: 45/48 MP: 12/12
  5899 | D:5      | Reached skill level 5 in Fighting
  6882 | D:4      | Reached * piety under Okawaru
  7170 | D:5      | Reached skill level 8 in Long Blades
  7170 | D:5      | Reached skill level 5 in Throwing
  8011 | D:6      | Reached XP level 9. HP: 55/55 MP: 13/13
  8019 | D:6      | Reached ** piety under Okawaru
  8020 | D:6      | Reached skill level 9 in Long Blades
  8247 | D:6      | HP: 2/55 [orc warrior/+0 scimitar (12)]
  8257 | D:6      | Mangled by an orc warrior

Illustrated notes

Levels and vault maps discovered:
D:1:      tarquinn_simple_flora_water_a, layout_loops_corners, serial_rivers,
          chequers_serial_rivers_marsh, chequers_serial_rivers_small_a,
          chequers_serial_rivers_small_3, chequers_serial_rivers_micro_a,
          chequers_serial_rivers_micro_a
D:2:      layout_basic, uniq_sigmund
D:3:      layout_basic, nicolae_ecumenical_snake_handling, minivault_24
D:4:      layout_loops_ring, xom_confusion_cloud,
          mainiacjoe_overflow_six_doors_small, minmay_temple_entry_large_hall,
          serial_co_window_serial, co_window_paths_a, co_window_paths_b,
          co_window_paths_a, co_window_paths_b, co_window_paths_b,
          co_window_of_opportunity_b, co_window_of_opportunity_b,
          co_window_broadway_a, co_window_corner_cb, glass_columns_a,
          glass_columns_c, glass_columns_b, guppyfry_early_lair_pool,
          uniq_blork_the_orc
D:5:      layout_layer_cave
D:6:      layout_rooms, chei_slow_surprise, grunt_temple_overflow_open,
          serial_shops, kennysheep_mini, nicolae_take_the_stairs
Temple:   grunt_temple_mini_profane

Skill      XL: |  1  2  3  4  5  6  7  8  9 |
---------------+----------------------------+-----
Long Blades    | 3 4 5 6 7 8 9 |  9.3
Fighting       | 3 4 5 6 |  6.0
Throwing       | 2 3 4 5 |  5.8
Armour         | |  1.1
Dodging        | |  2.1
Spellcasting   | |  2.0
Translocations | |  2.4

Action                   |  1- 3 |  4- 6 |  7- 9 || total
-------------------------+-------+-------+-------++-------
Melee: Falchion          |    52 |   115 |   317 ||   484
       Kick              |    14 |    28 |    94 ||   136
       Peck              |    10 |    22 |    64 ||    96
Throw: Boomerang         |       |       |    10 ||    10
Invok: Heroism           |       |       |     2 ||     2
Evoke: Wand              |       |       |     4 ||     4
  Use: Potion            |     3 |     3 |     5 ||    11
       Scroll            |       |     2 |       ||     2
 Stab: Sleeping          |       |     2 |     1 ||     3
       Distracted        |       |     1 |       ||     1
Armor: Leather armour    |    10 |    36 |    85 ||   131
       Skin              |       |       |    13 ||    13
Dodge: Dodged            |    34 |   104 |   175 ||   313

Table legend: (Time is in decaauts)
 A = Elapsed time spent in this place.
 B = Non-inter-level travel time spent in this place.
 C = Inter-level travel time spent in this place.
 D = Time resting spent in this place.
 E = Time spent auto-exploring this place.
 F = Levels seen in this place.
 G = Mean time per level.
                   A        B        C        D        E       F      G
               +--------+--------+--------+--------+--------+-----+--------+
         Total |   7934 |   7730 |    204 |   1884 |   4631 |   7 | 1133.4 |
       Dungeon |   7094 |   6923 |    171 |   1228 |   4495 |   6 | 1182.3 |
        Temple |    839 |    806 |     33 |    656 |    136 |   1 |  839.0 |
               +--------+--------+--------+--------+--------+-----+--------+

Top non-repeatable levels by time:
     D:4: 1911 daAuts
     D:5: 1410 daAuts
     D:2: 1327 daAuts
     D:1: 1295 daAuts
     D:3: 1087 daAuts
  Temple: 839 daAuts
     D:6: 63 daAuts
